 Dungeon Crawl Stone Soup version 0.24-a0-434-gd57e52fea8 (webtiles) character file.

Game seed: 7086451478166269650

88 Anmu the Grave Robber (level 4, -3/24 HPs)
             Began as a Vampire Necromancer on June 16, 2019.
             Slain by Natasha (4 damage)
             ... on level 2 of the Dungeon.
             The game lasted 00:06:57 (2598 turns).

Anmu the Grave Robber (Vampire Necromancer)         Turns: 2598, Time: 00:06:57

Health: -3/24      AC:  2    Str:  6 (7)  XL:     4   Next: 29%
Magic:  7/8        EV: 12    Int: 22 (23) God:
Gold:   41         SH:  0    Dex: 13 (14) Spells: 5/9 levels left

rFire    . . .     SeeInvis +   (no weapon)
rCold    + + .     Gourm    .   (no shield)
rNeg     + + +     Faith    .   a - +0 robe
rPois    ∞         Spirit   .   (no helmet)
rElec    .         Reflect  .   (no cloak)
rCorr    .         Harm     .   (no gloves)
MR       .....                  (no boots)
Stlth    ++++......             (no amulet)
HPRegen  0.00/turn              (no ring)
MPRegen  0.11/turn              (no ring)

@: brilliant, bloodless, regenerating quickly, slowed, very slow
A: no food, fangs 3, see invisible, unbreathing
a: Bat Form, Revivify


You were on level 2 of the Dungeon.
You were bloodless.

You visited 1 branch of the dungeon, and saw 3 of its levels.

You collected 41 gold pieces.

Inventory:

Armour
 a - a +0 robe (worn)
Jewellery
 k - a +3 ring of protection {unknown}
Scrolls
 b - a scroll of identify {unknown}
 c - 2 scrolls of remove curse {unknown}
 d - a scroll of immolation {unknown}
 f - a scroll of amnesia {unknown}
 g - 3 scrolls of teleportation {unknown}
 i - a scroll of enchant weapon {unknown}
 j - a scroll of magic mapping {unknown}


   Skills:
 + Level 2.2 Dodging
 * Level 4.0 Stealth
 + Level 3.0 Spellcasting
 + Level 5.4 Necromancy


You had 5 spell levels left.
You knew the following spells:

 Your Spells              Type           Power        Failure   Level  Hunger
a - Pain                  Necr           ####         1%          1    N/A
b - Regeneration          Chrm/Necr      ####......   1%          3    N/A

Your spell library contained the following spells:

 Spells                   Type           Power        Failure   Level  Hunger
 Animate Skeleton         Necr           N/A          1%          1    N/A
 Vampiric Draining        Necr           #####.....   1%          3    N/A
 Animate Dead             Necr           N/A          1%          4    N/A

Dungeon Overview and Level Annotations

Branches:
Dungeon (3/15)

Altars:
Makhleb

Annotations:
D:2 Natasha


Innate Abilities, Weirdness & Mutations

You do not eat.
You do not regenerate when monsters are visible.
You are frail without blood (-20% HP).
You are immune to poison.
You have razor-sharp teeth.
You have supernaturally acute eyesight. (SInv)
You can survive without breathing.


Message History

Natasha's front paws start to glow.
Natasha misses you. Natasha claws you.
* * * LOW HITPOINT WARNING * * *
Natasha stares at you and mumbles some strange words.
You feel yourself slow down.
Natasha extends her claws.
Natasha barely misses you.
There is a stone staircase leading up here.
Natasha closely misses you. Natasha misses you.
You climb upwards.
There is a stone staircase leading down here.
It was a potion of degeneration.
There was something very wrong with that liquid.
You feel weakened.
You feel dopey.
You feel clumsy. Natasha closely misses you.
It was a potion of brilliance.
You feel clever all of a sudden. Natasha claws you.
You die...

#...# #.#.#.####
##..#
###.#.#....#
#..##
#...#.####.#
#...#
#.###.#....#
##..#
#.###...#..#
#..##
#.......####
##..# ##..[##.#
#..####.#.##.#
#.@h....#.##.###
#########.##...#
#.####.#
#......#
########


You could see Natasha.

Vanquished Creatures
  2 gnolls (D:3)
  An adder (D:3)
  A worm (D:2)
  2 dart slugs
  3 leopard geckos
  A giant cockroach (D:1)
  8 goblins
  5 hobgoblins
  2 jackals (D:1)
  A quokka (D:3)
  3 ball pythons
  4 bats (D:1)
  3 frilled lizards
  9 kobolds
  4 rats
49 creatures vanquished.

Notes
Turn   | Place    | Note
-------+----------+-------------------------------------------
     0 | D:1      | Anmu the Vampire Necromancer began the quest for the Orb.
     0 | D:1      | Reached XP level 1. HP: 13/13 MP: 3/3
   163 | D:1      | Reached XP level 2. HP: 15/15 MP: 3/5
   837 | D:1      | Reached skill level 5 in Necromancy
  1019 | D:1      | Reached XP level 3. HP: 19/19 MP: 1/6
  2006 | D:2      | Found a burning altar of Makhleb.
  2006 | D:2      | Noticed a green death
  2009 | D:2      | Noticed a hellwing
  2009 | D:2      | Noticed a neqoxec
  2295 | D:2      | Learned a level 3 spell: Regeneration
  2510 | D:3      | Reached XP level 4. HP: 24/24 MP: 4/8
  2575 | D:3      | Noticed Natasha
  2588 | D:3      | HP: 1/24 [Natasha (1)]
  2598 | D:2      | Slain by Natasha

Levels and vault maps discovered:
D:1:      dpeg_arrival_morbid_curiosity, layout_loops_corners,
          serial_park_tiny_pond, lemuel_old_faithful
D:2:      layout_basic, minmay_misc_feat_pillars, makhleb_altar_promises_db
D:3:      layout_loops_ring, first_ration, uniq_natasha

Skill      XL: |  1  2  3  4 |
---------------+-------------+-----
Necromancy     | 5 |  5.4
Stealth        | 4 |  4.0
Spellcasting   | 3 |  3.0
Dodging        | |  2.2

Action                   |  1- 3 |  4- 6 || total
-------------------------+-------+-------++-------
Melee: Unarmed           |     5 |       ||     5
 Cast: Pain              |    92 |     8 ||   100
 Abil: Exsanguinate      |     1 |       ||     1
  Use: Potion            |     1 |     2 ||     3
Armor: Robe              |     3 |       ||     3
Dodge: Dodged            |     8 |     6 ||    14

Table legend:
 A = Non-vault XP
 B = Vault XP
 C = Vault XP percentage of total XP
 D = Non-vault monster count
 E = Vault monster count
 F = Vault count percentage of total count
                 A         B        C        D         E       F
            +---------+---------+-------+---------+---------+-------
      Total |     117 |       9 |   7.1 |      44 |       5 |  10.2
            +---------+---------+-------+---------+---------+-------
        D:1 |      43 |       9 |  17.3 |      25 |       5 |  16.7
        D:2 |      25 |       0 |   0.0 |      11 |       0 |   0.0
        D:3 |      49 |       0 |   0.0 |       8 |       0 |   0.0
            +---------+---------+-------+---------+---------+-------
